Map: Abandoned Camp

Players

GeeGeeMyDood - Winner!

  • Race: Protoss Protoss
  • Spawn Location: 5:00

CauseoKoF - Winner!

  • Race: Zerg Zerg
  • League: Diamond
  • Spawn Location: 3:00

Javomusic - Winner!

  • Race: Protoss Protoss
  • Spawn Location: 3:00

EatenByAGrue

  • Race: Zerg Zerg
  • Spawn Location: 7:00

Winthrowe

  • Race: Protoss Protoss
  • League: Silver
  • Spawn Location: 11:00

TheTan

  • Race: Terran Terran
  • Spawn Location: 9:00

VOD

Have the link to the VOD?

Description

Time

  • Played on: Sept. 3, 2017, 1:38 p.m.
  • Length: 25:23
Show
View Real Time Build Order
Export as new Build Order

GeeGeeMyDood Protoss - Winner!

Build Orders:  

Get SALT Encoding   

  12  0:13  Probe (Chrono Boost)  
  13  0:15  Pylon  
  13  0:24  Probe (Chrono Boost)  
  14  0:34  Probe (Chrono Boost)  
  15  0:40  Gateway  
  15  0:45  Probe (Chrono Boost)  
  16  0:50  Assimilator  
  16  0:55  Probe (Chrono Boost)  
  17  1:06  Probe (Chrono Boost)  
  17  1:09  Gateway  
  18  1:16  Probe (Chrono Boost)  
  18  1:17  Assimilator  
  19  1:27  Probe (Chrono Boost)  
  19  1:31  Zealot  
  22  1:37  Probe (Chrono Boost)  
  23  1:45  Cybernetics Core  
  23  1:58  Pylon  
  23  2:06  Pylon  
  23  2:15  Pylon  
  23  2:16  Probe (Chrono Boost)  
  23  2:17  Pylon  
  24  2:27  Probe (Chrono Boost)  
  25  2:36  Zealot  
  27  2:37  Probe (Chrono Boost)  
  27  2:39  Zealot  
  27  2:43  Warp Gate  
  30  2:57  Stargate  
  30  3:03  Zealot  
  32  3:17  Zealot  
  34  3:32  Nexus  
  34  3:42  Probe (Chrono Boost)  
  34  3:43  Assimilator  
  35  3:53  Probe (Chrono Boost)  
  36  4:06  Fleet Beacon  
  36  4:09  Zealot  
  38  4:16  Zealot  
  40  4:23  Probe (Chrono Boost)  
  41  4:33  Probe (Chrono Boost)  
  42  5:03  Tempest  
  46  5:09  Stargate, Probe (Chrono Boost)  
  47  5:15  Probe (Chrono Boost)  
  47  5:20  Probe (Chrono Boost)  
  49  5:26  Probe (Chrono Boost)  
  50  5:30  Probe (Chrono Boost)  
  51  5:35  Zealot  
  51  5:36  Zealot  
  51  5:37  Probe (Chrono Boost)  
  51  5:41  Probe (Chrono Boost)  
  57  5:44  Stargate  
  57  5:52  Pylon  
  57  5:53  Tempest  
  64  5:57  Probe (Chrono Boost)  
  64  5:59  Probe (Chrono Boost)  
  65  6:05  Assimilator  
  65  6:07  Probe (Chrono Boost)  
  65  6:09  Probe (Chrono Boost)  
  67  6:18  Probe (Chrono Boost)  
  68  6:20  Mothership Core (Chrono Boost), Tempest  
  76  6:27  Pylon  
  76  6:36  Zealot  
  78  6:42  Pylon  
  78  6:45  Pylon  
  78  6:48  Pylon  
  78  6:49  Pylon  
  78  6:53  Tempest  
  84  6:58  Protoss Air Weapons Level 1  
  84  7:03  Probe (Chrono Boost)  
  86  7:08  Probe (Chrono Boost)  
  86  7:13  Probe (Chrono Boost)  
  87  7:19  Probe (Chrono Boost)  
  87  7:21  Zealot x2  
  92  7:24  Probe (Chrono Boost)  
  93  7:34  Probe (Chrono Boost)  
  94  7:43  Zealot  
  96  7:44  Zealot  
  96  7:46  Tempest  
  96  7:47  Tempest  
  110  7:59  Probe (Chrono Boost)  
  111  8:07  Forge, Pylon  
  111  8:11  Pylon  
  111  8:13  Pylon  
  111  8:15  Pylon  
  111  8:17  Pylon  
  111  8:19  Pylon  
  107  9:14  Tempest x3  
  131  9:17  Zealot x2  
  135  9:43  Protoss Ground Weapons Level 1  
  135  9:45  Protoss Air Weapons Level 2  
  135  10:05  Twilight Council  
  127  10:07  Stargate  
  127  10:10  Stargate  
  127  10:13  Stargate  
  123  10:16  Gateway  
  123  10:20  Gateway x2  
  117  10:24  Gateway  
  117  10:26  Gateway  
  117  10:41  Zealot x2  
  121  10:46  Tempest x2  
  127  11:52  Pylon  
  127  11:53  Pylon  
  127  11:56  Pylon  
  127  11:58  Pylon  
  127  12:00  Pylon  
  121  12:03  Pylon  
  121  12:12  Zealot x2  
  125  12:24  Zealot  
  125  12:25  Zealot x2  
  111  12:53  Zealot  
  111  12:54  Zealot  
  115  13:00  Zealot x5  
  125  13:08  Protoss Air Weapons Level 3  
  125  13:10  Protoss Ground Weapons Level 2  
  125  13:12  Tempest  
  131  13:13  Tempest x2  
  143  13:21  Zealot x2  
  80  14:34  Tempest x3  
  98  14:40  Zealot x2  
  102  15:29  Nexus  
  102  15:59  Protoss Air Armor Level 1  
  102  16:02  Charge  
  98  17:04  Assimilator  
  98  17:09  Zealot  
  98  17:10  Zealot, Assimilator  
  98  17:13  Zealot x2  
  106  17:18  Zealot x3  
  112  17:55  Carrier x2  
  124  18:03  Carrier  
  121  18:55  Zealot x2  
  122  19:19  Nexus  
  122  19:56  Protoss Ground Weapons Level 3  
  122  19:57  Graviton Catapult  
  122  20:46  Carrier  
  128  21:04  Protoss Air Armor Level 2  
  128  22:50  Carrier  
  134  22:55  Carrier  
Show
View Real Time Build Order
Export as new Build Order

CauseoKoF Zerg - Winner!

Build Orders: Pool First 

Get SALT Encoding   

  12  0:06  Drone  
  13  0:16  Drone  
  14  0:23  Overlord  
  14  0:34  Extractor  
  13  0:36  Drone  
  13  0:40  Extractor, Drone  
  15  0:48  Spawning Pool  
  14  0:59  Drone x2  
  16  1:06  Overlord  
  16  1:12  Drone  
  17  1:21  Extractor  
  17  1:22  Drone  
  17  1:35  Queen  
  17  1:37  Drone  
  20  1:46  Overlord  
  20  1:55  Drone  
  21  2:04  Roach Warren  
  20  2:09  Drone  
  21  2:20  Drone  
  22  2:31  Drone  
  22  2:33  Queen  
  25  2:37  Drone  
  25  2:40  Metabolic Boost  
  26  2:52  Roach x2  
  30  3:00  Roach  
  30  3:01  Roach  
  34  3:15  Lair  
  34  3:18  Overlord  
  34  3:28  Roach x2  
  38  3:34  Overlord  
  38  3:44  Roach x2  
  42  3:55  Zergling x6  
  45  4:05  Spore Crawler  
  44  4:12  Roach x2  
  48  4:22  Zergling x2  
  48  4:23  Zergling x4  
  51  4:26  Overseer  
  48  4:42  Zergling x2  
  48  4:43  Zergling x2  
  46  4:51  Zergling x8  
  38  5:10  Roach  
  38  5:12  Glial Reconstitution  
  40  5:17  Zergling x2  
  41  5:31  Roach x3  
  46  5:49  Roach  
  47  5:50  Roach x3  
  47  5:56  Hydralisk Den  
  47  5:57  Drone  
  48  6:12  Drone  
  49  6:19  Hatchery  
  48  6:37  Hydralisk x2  
  48  6:39  Spore Crawler  
  51  6:46  Drone x3  
  54  7:04  Muscular Augments  
  54  7:07  Overlord  
  54  7:22  Overlord x2  
  54  7:35  Drone  
  54  7:36  Drone x3  
  58  7:51  Hydralisk x3  
  58  7:55  Drone x2  
  66  8:01  Overseer  
  66  8:04  Unknown  
  66  8:06  Drone x2  
  66  8:07  Drone  
  68  8:26  Hydralisk x3  
  68  8:27  Hydralisk  
  72  8:40  Roach  
  58  8:42  Unknown  
  58  8:47  Roach x5  
  58  8:56  Roach  
  58  8:57  Roach x2  
  62  9:08  Roach  
  62  9:09  Roach x3  
  66  9:15  Queen  
  68  9:26  Drone x4  
  68  9:29  Extractor  
  71  9:31  Extractor  
  71  9:34  Queen  
  72  9:39  Drone x2  
  74  9:48  Zergling x4  
  74  9:50  Overlord  
  68  10:17  Zergling x4  
  68  10:18  Zergling x14  
  55  10:40  Roach x2  
  56  10:56  Drone  
  56  10:57  Lair  
  56  11:04  Hatchery  
  55  11:18  Drone x2  
  57  11:39  Hatchery  
  56  11:47  Drone  
  56  11:48  Drone x3  
  60  12:01  Drone x2  
  60  12:02  Drone  
  60  12:08  Hydralisk Den  
  62  12:22  Roach x3  
  68  12:32  Zergling x2  
  68  12:33  Zergling x2  
  68  12:34  Queen  
  71  12:49  Roach x3  
  74  12:57  Zergling x6  
  74  12:58  Zergling x2  
  77  13:08  Drone x2  
  77  13:10  Queen  
  81  13:19  Drone x2  
  82  13:24  Tunneling Claws  
  82  13:26  Burrow  
  82  13:28  Drone x3  
  85  13:44  Zergling x8  
  85  13:46  Overlord  
  89  14:00  Zergling x2  
  89  14:02  Overlord x2  
  89  14:12  Hydralisk x2  
  89  14:16  Drone  
  89  14:17  Drone  
  93  14:38  Hydralisk x4  
  93  14:52  Drone x3  
  96  14:53  Drone x2  
  96  14:55  Overlord  
  98  15:06  Lair  
  97  15:11  Hydralisk  
  97  15:13  Drone x2  
  100  15:14  Drone  
  90  15:40  Zergling x2  
  90  15:41  Zergling x16  
  89  15:54  Roach x3  
  89  15:55  Roach x2  
  75  16:06  Hydralisk  
  75  16:07  Hydralisk x2  
  67  16:15  Roach x2  
  63  16:18  Zergling x2  
  63  16:19  Zergling x2  
  61  16:29  Roach  
  61  16:30  Roach x3  
  56  16:36  Roach  
  56  16:37  Roach  
  52  16:45  Zergling x2  
  53  16:54  Roach x6  
  46  16:57  Roach x2  
  46  16:58  Roach  
  50  17:04  Overseer  
  46  17:21  Drone  
  47  18:12  Zergling x4  
  49  18:13  Zergling x16  
  47  18:58  Roach x4  
  47  19:03  Zergling x2  
  47  19:04  Zergling x12  
  47  19:05  Hatchery  
  52  19:14  Pneumatized Carapace  
  50  19:22  Zergling x4  
  52  19:27  Roach x2  
  55  19:41  Zergling x2  
  55  19:42  Zergling x2  
  57  19:48  Roach x2  
  38  20:00  Roach x2  
  27  20:13  Roach x4  
  18  20:32  Drone  
  7  22:27  Hatchery  
  6  23:42  Drone  
  7  23:55  Drone  
  8  24:00  Spawning Pool  
  7  24:20  Drone x2  
  9  24:38  Drone x2  
  11  24:47  Queen  
  13  24:57  Drone x2  
  15  25:02  Extractor  
  15  25:23  Roach Warren  
Show
View Real Time Build Order
Export as new Build Order

Javomusic Protoss - Winner!

Build Orders: Carrier Rush 

Get SALT Encoding   

  12  0:02  Probe (Chrono Boost)  
  13  0:12  Probe (Chrono Boost)  
  14  0:22  Pylon  
  14  0:24  Probe (Chrono Boost)  
  15  0:40  Gateway, Probe (Chrono Boost)  
  16  0:53  Assimilator  
  16  0:56  Assimilator  
  17  0:57  Probe (Chrono Boost)  
  17  1:08  Probe (Chrono Boost)  
  18  1:18  Probe (Chrono Boost)  
  19  1:28  Cybernetics Core  
  19  1:33  Pylon  
  19  1:36  Probe (Chrono Boost)  
  20  1:41  Pylon  
  21  1:47  Probe (Chrono Boost)  
  21  1:58  Probe (Chrono Boost)  
  22  2:11  Stargate, Probe (Chrono Boost)  
  23  2:30  Nexus  
  23  2:34  Probe (Chrono Boost)  
  24  2:43  Pylon  
  24  2:51  Probe (Chrono Boost)  
  25  3:06  Fleet Beacon  
  25  3:09  Probe (Chrono Boost)  
  26  3:19  Pylon  
  26  3:21  Probe (Chrono Boost)  
  27  3:31  Probe (Chrono Boost)  
  28  3:40  Pylon  
  28  3:46  Forge  
  28  3:59  Carrier  
  34  4:03  Probe (Chrono Boost)  
  34  4:05  Probe (Chrono Boost)  
  36  4:17  Stargate  
  36  4:20  Pylon  
  36  4:22  Probe (Chrono Boost)  
  37  4:28  Graviton Catapult  
  37  4:30  Probe (Chrono Boost)  
  38  4:42  Mothership Core (Chrono Boost)  
  40  4:58  Probe (Chrono Boost)  
  41  5:00  Assimilator  
  41  5:06  Probe (Chrono Boost)  
  42  5:08  Probe (Chrono Boost)  
  42  5:14  Photon Cannon  
  43  5:16  Probe (Chrono Boost)  
  43  5:19  Probe (Chrono Boost)  
  45  5:21  Carrier  
  45  5:27  Probe (Chrono Boost)  
  52  5:29  Probe (Chrono Boost)  
  52  5:30  Assimilator  
  52  5:34  Photon Cannon  
  53  5:40  Probe (Chrono Boost)  
  54  5:48  Photon Cannon  
  54  5:49  Probe (Chrono Boost)  
  55  5:57  Probe (Chrono Boost)  
  55  6:00  Probe (Chrono Boost)  
  57  6:08  Probe (Chrono Boost)  
  57  6:10  Probe (Chrono Boost)  
  59  6:13  Pylon  
  59  6:14  Pylon  
  59  6:20  Carrier  
  59  6:21  Probe (Chrono Boost)  
  66  6:32  Stargate  
  66  6:54  Carrier  
  72  7:15  Stargate  
  72  7:16  Phoenix  
  74  7:29  Probe (Chrono Boost)  
  75  7:39  Probe (Chrono Boost)  
  76  7:45  Nexus  
  76  7:48  Pylon  
  76  7:49  Phoenix  
  76  7:50  Phoenix  
  76  7:51  Pylon  
  80  7:54  Pylon  
  80  7:59  Tempest  
  86  8:14  Tempest  
  84  9:28  Tempest x3  
  102  9:53  Probe (Chrono Boost)  
  103  10:03  Probe (Chrono Boost)  
  103  10:14  Probe (Chrono Boost)  
  103  10:24  Probe (Chrono Boost)  
  96  12:30  Tempest  
  96  12:32  Tempest  
  93  12:59  Tempest x2  
  105  13:08  Probe (Chrono Boost)  
  105  13:12  Assimilator  
  106  13:13  Assimilator, Tempest  
  106  13:14  Tempest  
  106  13:19  Probe (Chrono Boost)  
  119  13:21  Mothership Core (Chrono Boost)  
  121  13:29  Probe (Chrono Boost)  
  122  13:42  Tempest  
  128  13:51  Photon Cannon  
  128  13:53  Photon Cannon  
  128  13:54  Photon Cannon  
  128  13:55  Photon Cannon, Pylon  
  128  13:56  Pylon x2  
  128  13:58  Pylon  
  128  13:59  Pylon  
  128  14:00  Pylon  
  128  14:13  Tempest x2  
  128  14:14  Tempest  
  146  14:24  Tempest  
  152  14:56  Tempest x3  
  170  15:01  Pylon  
  170  15:02  Pylon  
  170  15:03  Pylon  
  170  15:05  Photon Cannon x2  
  170  15:06  Photon Cannon  
  170  15:07  Photon Cannon, Tempest  
  170  15:08  Photon Cannon  
  174  15:39  Tempest x3  
  192  15:50  Tempest  
  144  16:33  Carrier  
  144  16:34  Carrier x3  
  168  17:49  Nexus  
  168  17:51  Pylon  
  168  17:52  Pylon x2  
  168  18:15  Carrier  
  168  18:16  Carrier x3  
  108  19:05  Photon Cannon  
  108  19:07  Photon Cannon  
  103  19:41  Carrier  
  109  20:09  Carrier  
  115  20:16  Photon Cannon  
  115  20:17  Photon Cannon  
  115  20:53  Carrier  
  79  23:00  Carrier  
  91  24:30  Nexus  
Show
View Real Time Build Order
Export as new Build Order

EatenByAGrue Zerg 

Build Orders: Hatch First 

Get SALT Encoding   

  12  0:01  Drone  
  13  0:13  Overlord  
  13  0:20  Drone  
  14  0:32  Drone x2  
  16  0:38  Drone  
  17  0:47  Drone  
  18  0:58  Hatchery  
  18  1:03  Extractor, Drone  
  17  1:08  Drone  
  18  1:22  Spawning Pool  
  17  1:29  Drone  
  18  1:35  Drone  
  19  1:41  Drone  
  20  1:58  Drone  
  20  1:59  Hatchery  
  20  2:13  Spine Crawler  
  19  2:18  Spine Crawler  
  19  2:22  Spine Crawler  
  17  2:25  Drone  
  18  2:36  Queen  
  20  2:41  Drone  
  21  2:45  Drone  
  21  2:47  Drone  
  23  2:52  Drone  
  23  2:58  Overlord  
  24  3:02  Drone  
  25  3:05  Drone  
  25  3:09  Drone  
  27  3:17  Drone x2  
  29  3:21  Drone x2  
  31  3:28  Drone x2  
  31  3:33  Queen  
  35  3:37  Overlord  
  35  3:53  Hatchery  
  34  3:57  Lair  
  34  4:04  Spore Crawler  
  34  4:05  Extractor  
  34  4:06  Drone x2  
  34  4:07  Extractor, Drone  
  34  4:19  Drone  
  34  4:20  Extractor, Roach Warren, Drone  
  34  4:22  Drone  
  35  4:24  Drone  
  35  4:27  Drone  
  35  4:31  Drone x2  
  38  4:33  Drone  
  38  4:35  Drone  
  41  4:42  Spore Crawler  
  40  4:54  Overlord  
  40  4:55  Overlord x2  
  40  5:00  Glial Reconstitution  
  40  5:01  Roach  
  40  5:02  Roach  
  40  5:04  Roach  
  40  5:06  Overseer  
  46  5:10  Spore Crawler  
  46  5:12  Roach  
  47  5:14  Roach  
  47  5:18  Roach  
  51  5:25  Roach x3  
  57  5:29  Overseer  
  57  5:36  Roach  
  57  5:37  Roach x3  
  67  5:57  Roach x5  
  67  5:58  Zergling x2  
  67  5:59  Zergling x4  
  67  6:02  Overlord  
  78  6:07  Metabolic Boost  
  78  6:22  Extractor  
  78  6:24  Spore Crawler  
  78  6:25  Extractor  
  75  6:28  Roach x4  
  75  6:29  Spine Crawler  
  82  6:38  Overlord x2  
  82  6:47  Drone  
  82  6:48  Evolution Chamber, Drone  
  82  6:49  Evolution Chamber  
  82  7:03  Overlord x2  
  82  7:22  Zerg Missile Weapons Level 1  
  82  7:24  Hydralisk Den, Zerg Ground Armor Level 1  
  82  7:25  Zergling x6  
  84  7:43  Drone x6  
  90  7:45  Drone  
  91  8:06  Muscular Augments  
  91  8:11  Hydralisk x3  
  97  8:18  Hydralisk x2  
  98  8:32  Hydralisk x3  
  101  8:37  Hydralisk  
  93  8:48  Hydralisk  
  81  8:49  Hydralisk x2  
  87  9:01  Roach x4  
  95  9:09  Hydralisk x2  
  77  9:21  Zerg Missile Weapons Level 2  
  77  9:25  Zerg Ground Armor Level 2  
  77  9:41  Hydralisk x4  
  87  9:45  Roach  
  87  9:56  Roach  
  87  9:57  Roach x2  
  85  10:08  Hydralisk  
  85  10:09  Hydralisk x2  
  91  10:17  Hydralisk x2  
  91  10:19  Hydralisk  
  97  10:31  Unknown x3  
  97  10:32  Infestation Pit  
  96  10:36  Hydralisk  
  96  10:37  Hydralisk x2  
  92  10:45  Unknown x4  
  80  10:53  Roach x5  
  84  11:05  Roach x3  
  84  11:06  Roach  
  84  11:09  Roach  
  94  11:16  Drone x3  
  94  11:17  Drone  
  98  11:28  Roach x2  
  98  11:29  Roach  
  104  11:45  Hydralisk  
  104  11:46  Hydralisk x3  
  102  11:54  Overseer x2  
  92  12:05  Roach  
  92  12:06  Roach x5  
  100  12:19  Zergling x2  
  100  12:20  Zergling x6  
  102  12:37  Hydralisk  
  94  12:51  Hydralisk  
  94  12:52  Hydralisk x4  
  86  13:05  Hydralisk  
  86  13:06  Hydralisk  
  86  13:10  Overlord x6  
  88  13:23  Overlord  
  88  13:24  Overlord x4  
  88  13:31  Overseer x3  
  88  13:48  Hydralisk  
  88  13:49  Hydralisk  
  88  13:50  Hydralisk x4  
  99  14:03  Hydralisk x3  
  101  14:16  Hydralisk x2  
  98  14:28  Spore Crawler  
  95  15:00  Roach  
  95  15:01  Roach x5  
  95  15:05  Hatchery  
  106  15:18  Roach  
  106  15:19  Roach  
  110  15:24  Hive  
  110  15:26  Roach  
  110  15:27  Roach  
  110  15:53  Roach x9  
  128  16:10  Roach  
  130  16:11  Roach x2  
  104  16:37  Roach  
  104  16:38  Roach x5  
  108  16:43  Hydralisk  
  83  17:08  Drone  
  83  17:09  Drone x7  
  82  17:20  Zerg Missile Weapons Level 3  
  82  17:22  Zerg Ground Armor Level 3  
  80  17:29  Zergling x2  
  84  17:30  Zergling x6  
  84  17:32  Extractor, Zergling x4  
  85  17:40  Zergling x2  
  86  17:45  Hydralisk x2  
  86  17:46  Hydralisk  
  92  17:55  Spore Crawler, Hydralisk x3  
  80  18:35  Hydralisk x7  
  80  18:37  Unknown  
  80  18:38  Unknown  
  94  19:00  Hydralisk x3  
  95  19:26  Hydralisk  
  95  19:27  Hydralisk x2  
  94  20:03  Hydralisk  
  94  20:04  Hydralisk x2  
  94  22:25  Hydralisk x3  
  100  22:42  Hatchery, Hydralisk  
  101  22:48  Hatchery  
  92  23:21  Hydralisk x3  
Show
View Real Time Build Order
Export as new Build Order

Winthrowe Protoss 

Build Orders:  

Get SALT Encoding   

  12  0:03  Probe (Chrono Boost)  
  13  0:14  Probe (Chrono Boost)  
  14  0:25  Pylon  
  14  0:27  Assimilator  
  15  0:28  Probe (Chrono Boost)  
  15  0:43  Probe (Chrono Boost)  
  16  0:51  Gateway  
  16  0:53  Probe (Chrono Boost)  
  18  1:04  Probe (Chrono Boost)  
  18  1:15  Probe (Chrono Boost)  
  19  1:20  Assimilator  
  19  1:25  Probe (Chrono Boost)  
  20  1:34  Pylon  
  20  1:43  Probe (Chrono Boost)  
  20  1:44  Cybernetics Core  
  21  1:53  Probe (Chrono Boost)  
  22  2:04  Probe (Chrono Boost)  
  23  2:16  Probe (Chrono Boost)  
  24  2:28  Stargate x2  
  24  2:50  Nexus, Probe (Chrono Boost)  
  25  2:57  Pylon  
  25  3:01  Mothership Core (Chrono Boost)  
  28  3:20  Probe (Chrono Boost)  
  28  3:30  Probe (Chrono Boost)  
  29  3:40  Fleet Beacon  
  29  3:41  Probe (Chrono Boost)  
  30  3:51  Probe (Chrono Boost)  
  31  4:00  Forge, Void Ray  
  35  4:11  Void Ray  
  39  4:18  Probe (Chrono Boost)  
  39  4:19  Probe (Chrono Boost)  
  39  4:21  Assimilator  
  41  4:28  Assimilator  
  41  4:29  Probe x2 (Chrono Boost)  
  43  4:39  Probe (Chrono Boost)  
  43  4:40  Probe (Chrono Boost)  
  45  4:50  Probe (Chrono Boost)  
  46  4:54  Probe (Chrono Boost)  
  46  4:56  Void Ray  
  51  5:00  Probe (Chrono Boost)  
  51  5:04  Probe (Chrono Boost)  
  53  5:22  Pylon  
  53  5:24  Pylon  
  53  5:29  Void Ray  
  47  6:01  Probe x2 (Chrono Boost)  
  49  6:06  Carrier  
  55  6:11  Probe (Chrono Boost)  
  55  6:12  Probe (Chrono Boost)  
  57  6:20  Carrier  
  57  6:22  Probe x2 (Chrono Boost)  
  66  6:32  Probe (Chrono Boost)  
  66  6:33  Probe (Chrono Boost)  
  67  6:43  Probe (Chrono Boost)  
  67  6:44  Probe (Chrono Boost)  
  69  6:47  Graviton Catapult  
  69  6:54  Probe (Chrono Boost)  
  70  7:05  Pylon  
  70  7:13  Pylon  
  70  7:14  Pylon  
  70  7:21  Pylon  
  70  7:23  Probe x2 (Chrono Boost), Protoss Shields Level 1  
  70  7:27  Protoss Air Weapons Level 1  
  72  7:33  Probe x2 (Chrono Boost)  
  76  7:44  Probe x2 (Chrono Boost)  
  76  7:49  Phoenix  
  78  7:57  Phoenix  
  80  8:17  Carrier  
  70  8:54  Carrier  
  58  9:21  Protoss Air Armor Level 1  
  58  9:27  Twilight Council  
  58  9:33  Gateway  
  58  9:34  Gateway  
  58  9:36  Gateway  
  58  9:38  Gateway  
  58  9:42  Gateway  
  58  9:43  Carrier  
  64  9:49  Protoss Ground Weapons Level 1  
  64  9:50  Forge  
  58  10:20  Carrier  
  43  10:51  Mothership Core (Chrono Boost)  
  38  11:08  Carrier  
  44  11:16  Warp Gate  
  44  11:27  Charge  
  44  11:34  Zealot x3  
  44  11:35  Zealot x2  
  54  12:08  Nexus  
  54  12:41  Zealot x3  
  48  12:44  Zealot x2  
  52  12:56  Pylon  
  52  13:08  Zealot  
  54  13:14  Zealot x2  
  58  13:39  Pylon  
  58  13:41  Pylon  
  58  13:44  Pylon  
  58  14:03  Protoss Air Weapons Level 2  
  58  14:27  Zealot  
  58  14:28  Stalker x3  
  54  14:44  Zealot  
  55  14:48  Probe (Chrono Boost)  
  54  14:59  Probe (Chrono Boost)  
  13  17:32  Nexus  
  13  18:07  Probe (Chrono Boost)  
  14  18:17  Probe (Chrono Boost)  
  15  18:28  Probe (Chrono Boost)  
  16  19:00  Sentry  
  16  19:02  Sentry x4  
  26  19:16  Assimilator  
  26  19:19  Assimilator  
  26  19:20  Probe x2 (Chrono Boost)  
  28  19:30  Probe (Chrono Boost)  
  29  20:07  Tempest  
  35  20:24  Probe x2 (Chrono Boost)  
  37  20:34  Phoenix, Probe (Chrono Boost)  
  37  20:35  Probe (Chrono Boost)  
  41  20:45  Probe x2 (Chrono Boost)  
  43  21:09  Stalker x3  
  43  21:10  Stalker x2  
  53  21:13  Stalker  
  25  22:18  Oracle x2  
  31  22:28  Stalker  
  31  22:29  Stalker  
  30  22:54  Phoenix x2  
  30  22:57  Stalker x2  
  30  22:58  Stalker  
Show
View Real Time Build Order
Export as new Build Order

TheTan Terran 

Build Orders: Mech 

Get SALT Encoding   

  12  0:02  SCV  
  13  0:14  SCV  
  14  0:26  SCV  
  14  0:27  Supply Depot  
  15  0:33  Refinery  
  15  0:48  SCV  
  16  0:50  Barracks  
  16  1:00  SCV  
  17  1:05  Barracks  
  17  1:15  SCV  
  18  1:18  Refinery  
  18  1:27  SCV  
  19  1:39  SCV, Factory  
  20  1:40  Marine  
  21  1:51  SCV  
  22  1:56  Supply Depot  
  22  1:57  Marine  
  23  2:13  Orbital Command  
  23  2:18  Marine  
  23  2:19  Marine  
  25  2:23  Factory Tech Lab  
  25  2:27  Supply Depot  
  25  2:36  Marine  
  26  2:42  Marine  
  27  2:45  Siege Tank  
  30  2:53  Marine  
  31  3:00  Marine  
  32  3:11  Marine  
  33  3:17  Siege Tank, Supply Depot  
  33  3:18  Marine  
  37  3:29  Marine  
  37  3:30  SCV  
  39  3:38  Marine  
  39  3:41  Supply Depot  
  40  3:42  SCV  
  40  3:47  Marine  
  42  4:05  Command Center  
  42  4:10  Marine  
  42  4:11  Marine  
  44  4:24  SCV  
  45  4:28  Marine x2  
  47  4:36  SCV  
  35  4:59  Siege Tank  
  32  5:02  Marine x2  
  34  5:15  Command Center  
  34  5:19  Marine  
  34  5:20  Marine  
  36  5:31  Siege Tank  
  39  5:45  Marine x2  
  41  5:50  SCV  
  41  5:53  Refinery  
  42  6:02  SCV  
  42  6:03  Marine x2, Siege Tank  
  48  6:12  SCV  
  48  6:14  SCV  
  50  6:19  Refinery  
  50  6:24  SCV  
  51  6:26  SCV, Engineering Bay  
  51  6:29  Supply Depot  
  51  6:32  Factory  
  52  6:33  Armory  
  52  6:38  SCV  
  52  6:39  SCV  
  54  6:50  SCV  
  54  6:51  SCV  
  56  6:55  Command Center  
  56  7:03  Planetary Fortress  
  56  7:11  Siege Tank  
  59  7:22  Factory, Factory Tech Lab  
  59  7:25  Terran Vehicle And Ship Armor Level 1  
  59  7:28  Missile Turret x2  
  59  7:31  Orbital Command  
  59  7:39  SCV  
  60  7:51  SCV  
  61  7:52  Missile Turret  
  61  7:55  Thor  
  67  8:03  SCV  
  68  8:14  Planetary Fortress  
  68  8:15  SCV  
  68  8:19  SCV  
  70  8:21  Refinery  
  70  8:24  Refinery  
  70  8:28  Factory Tech Lab  
  70  8:29  Factory  
  70  8:31  SCV  
  71  8:37  Barracks Tech Lab, Armory  
  71  8:38  Barracks Reactor  
  71  8:43  SCV  
  72  8:55  SCV  
  73  9:07  SCV  
  74  9:14  Starport  
  74  9:15  Missile Turret  
  74  9:17  Missile Turret  
  74  9:19  Missile Turret  
  74  9:20  Marine x2, Missile Turret  
  74  9:21  Marine  
  77  9:25  Combat Shields  
  77  9:28  Terran Infantry Armor Level 1  
  77  9:30  Terran Vehicle And Ship Armor Level 2, Terran Vehicle Weapons Level 1  
  77  9:32  SCV  
  77  9:34  SCV  
  79  9:44  SCV  
  80  9:56  SCV  
  74  10:15  Thor x2  
  74  10:16  Factory Tech Lab  
  72  10:32  Thor  
  72  10:33  Marine  
  72  10:34  Marine x2  
  81  10:38  Starport Reactor  
  81  10:40  Starport  
  81  10:51  Marine x2  
  81  10:52  Marine  
  81  10:55  Thor  
  90  11:02  Supply Depot  
  90  11:08  SCV  
  90  11:09  Marine x3  
  94  11:14  Thor  
  100  11:20  SCV  
  101  11:26  Supply Depot  
  101  11:27  Marine x3  
  101  11:32  Thor, SCV  
  111  11:33  Supply Depot  
  111  11:34  Viking, Starport Reactor  
  113  11:44  SCV  
  113  11:45  Marine x3  
  117  11:49  Supply Depot  
  117  11:50  Thor  
  119  11:54  Viking  
  119  11:55  Supply Depot  
  119  11:56  SCV  
  119  12:12  Supply Depot  
  111  12:22  Thor x2  
  94  12:53  Viking  
  94  12:54  Viking x3  
  103  13:05  SCV  
  103  13:12  Marine x2  
  103  13:13  Marine  
  103  13:15  Thor  
  103  13:17  SCV  
  113  13:23  Viking  
  115  13:29  SCV  
  115  13:31  Marine x2  
  115  13:32  Marine  
  119  13:34  Terran Infantry Weapons Level 1  
  119  13:40  Supply Depot  
  119  13:42  Terran Vehicle Weapons Level 2, SCV  
  120  13:51  Marine x3  
  120  13:54  SCV  
  124  14:02  Supply Depot  
  81  14:36  Marine x3  
  82  14:39  Thor x3  
  82  14:41  Viking x2  
  104  14:53  Marine  
  104  14:54  Marine x2  
  104  14:58  Thor  
  113  15:11  Marine x2  
  113  15:12  Marine  
  116  15:29  Marine x3  
  105  15:48  Thor x3  
  105  15:49  Marine x3  
  103  16:07  Marine x2  
  103  16:08  Marine  
  105  16:25  Marine x2  
  106  16:26  Marine  
  94  16:34  Thor x2  
  103  16:43  Marine x2  
  103  16:44  Marine  
  103  16:45  Viking x3  
  112  17:00  Marine  
  112  17:01  Marine x2  
  115  17:18  Marine x2  
  115  17:19  Marine  
  118  17:31  Thor x2  
  118  17:36  Marine x2  
  132  17:37  Marine  
  133  17:44  Viking x3  
  133  17:45  Viking  
  141  17:54  Marine x2  
  141  17:55  Marine  
  144  17:59  Widow Mine x2  
  148  18:12  Marine  
  149  18:13  Widow Mine x2  
  153  18:28  Widow Mine x2  
  153  18:32  Marine x3  
  105  18:49  Thor x2  
  105  18:50  Marine x3  
  117  18:56  Thor  
  123  19:08  Marine x3  
  126  19:22  Thor  
  132  19:26  Marine x3  
  135  19:31  Thor  
  135  19:34  Refinery  
  141  19:43  Marine  
  141  19:44  Marine x2  
  144  19:59  Thor  
  144  20:01  Marine x2  
  144  20:02  Marine  
  153  20:19  Marine x3  
  115  20:37  Marine x3  
  115  20:38  Thor  
  118  20:53  Thor  
  118  20:55  Marine x3  
  127  21:14  Refinery  
  103  21:39  Thor  
  98  21:40  Marine x2  
  98  21:41  Marine  
  84  21:58  Marine x3  
  70  22:16  Marine x2  
Tags
 
Add a new tag
Caveats
  • Supply blocks, unpowered buildings, or Contaminate may cause inaccurate times.
  • Supply counts are checked every 10 seconds.